AoeStats
← kaspko

Arabia

507599946Analyzed
2v2 RM · 14d ago on Sep 18, 2026· 32m 50s· 4 players
Game mode
Random Map
Map size
Medium (4 player)
Population
200
Speed
Normal
Resources
Standard
Victory
Conquest
Starting age
Dark Age
Ending age
Imperial Age
RankedLock teamsTeams togetherTeam positionsShared explorationLock speedFull tech treeHidden civsTurbo modeCheats
Victory
Defeat
🇺🇾 Lithuanians · Uruguay
697
+15
🇪🇪 Cumans · Estonia
645
+17
🇲🇹 Spanish · Malta
687
-17
🇧🇷 Britons · Brazil
653
-30
PigJohnson3244
12:06 Feudal Age
11:32 Loom
12:59 Double-Bit Axe
Dement9241
3:07 Loom
10:00 Feudal Age
10:25 Double-Bit Axe
10:24 Horse Collar
22:03 Castle Age
21:23 Padded Archer Armor
21:14 Fletching
kaspko
8:48 Loom
14:27 Feudal Age
14:43 Man-at-Arms
16:49 Double-Bit Axe
17:47 Scale Mail Armor
18:33 Arson
yulennn
9:41 Feudal Age
10:07 Double-Bit Axe
17:58 Forging
18:16 Bloodlines
20:04 Loom
22:43 Castle Age
21:43 Town Watch
26:08 Husbandry
Connection lost

Rejoining the realm…

Still unreachable

The connection could not be restored.

Session expired

The server has moved on; the page needs a fresh start.